 Dungeon Crawl Stone Soup version 0.28-a0-1624-g820543e53a (webtiles) character file.

Game seed: 16806975556768505528

27 croobank the Insei (level 3, -2/23 HPs)
             Began as an Octopode Transmuter on Jan 24, 2022.
             Slain by a rat (3 damage)
             ... on level 1 of the Dungeon.
             The game lasted 00:02:47 (827 turns).

croobank the Insei (Octopode Transmuter)             Turns: 827, Time: 00:02:49

Health: -2/23      AC:  1    Str:  9    XL:     3   Next: 10%
Magic:  5/6        EV: 13    Int: 17    God:
Gold:   5          SH:  0    Dex: 12    Spells: 5/6 levels left

rFire   . . .      SeeInvis .   b - +0 short sword
rCold   . . .      Faith    .   (no shield)
rNeg    . . .      Spirit   .   (helmet currently unavailable)
rPois   .          Reflect  .   (no amulet)
rElec   .          Harm     .   (no ring)
rCorr   .          Rampage  .   (no ring)
Will    .....                   (no ring)
Stlth   ++........              (no ring)
HPRegen 0.07/turn               (no ring)
MPRegen 0.10/turn               (no ring)
                                (no ring)
                                (no ring)

@: appendages
A: tentacle spike 3, almost no armour, amphibious, 8 rings, camouflage 1,
gelatinous body 1, (nimble swimmer 1), tentacles
a: End Transformation


You were on level 1 of the Dungeon.
One of your tentacles had grown a beastly spike.
You visited 1 branch of the dungeon, and saw 1 of its levels.

You collected 5 gold pieces.

Inventory:

Hand Weapons
 b - a +0 short sword (weapon)
Missiles
 g - 6 stones
Jewellery
 c - a ring of ice
Scrolls
 d - a scroll of immolation {unknown}
 e - a scroll of fear {unknown}
Potions
 a - a potion of heal wounds {unknown}
 f - a potion of berserk rage {unknown}


   Skills:
 + Level 1.5 Fighting
 + Level 2.3 Dodging
 + Level 3.2 Unarmed Combat
 + Level 2.2 Spellcasting
 + Level 2.3 Transmutations


You had 5 spell levels left.
You knew the following spells:

 Your Spells              Type           Power      Damage    Failure   Level
a - Beastly Appendage     Tmut           18%        N/A       8%          1

Your spell library contained the following spells:

 Spells                   Type           Power      Damage    Failure   Level
 Wereblood                Tmut           9%         N/A       11%         2
 Spider Form              Tmut/Pois      5%         N/A       34%         3
 Ice Form                 Ice/Tmut       5%         N/A       75%         4


Dungeon Overview and Level Annotations

Branches:
Dungeon (1/15)

Altars:
Beogh

Shops:
D:1 [


Innate Abilities, Weirdness & Mutations

One of your tentacles has grown a beastly spike.
You cannot wear most types of armour.
You are amphibious.
You can wear up to eight rings at the same time.
Your skin changes colour to match your surroundings (Stealth+).
Your rubbery body absorbs attacks. (AC +1, EV +1)
((You are camouflaged when in or above water. (Stealth+)))
You have tentacles for arms and can constrict up to eight enemies at once.


Message History

One of your tentacles grows a vicious spike.
A hobgoblin comes into view.
Found a scroll labelled VOALAAZEELE KUC.
The hobgoblin shouts!
The ball python bites you. The ball python grabs you.
The ball python constricts you.
You barely miss the ball python. You grab the ball python.
You pierce the ball python, but do no damage.
You constrict the ball python. The ball python bites you.
The ball python constricts you. The ball python bites you.
The ball python constricts you.
You hit the ball python.
You kill the ball python!
A ball python comes into view.
A bat comes into view.
A rat comes into view.
The bat moves out of view.
You see here a ball python corpse.
The hobgoblin hits you.
You barely miss the hobgoblin.
The ball python hisses angrily.
Your grab misses the hobgoblin. The bat misses you.
The hobgoblin barely misses you.
You closely miss the hobgoblin. Your grab misses the hobgoblin.
The bat barely misses you. The bat closely misses you. The hobgoblin hits you.
Casting: Beastly Appendage (safe; 8% risk of failure)
Confirm with . or Enter, or press ? or * to list all spells.
You extend your transformation's duration.
The bat misses you. The hobgoblin hits you.
You closely miss the ball python. You grab the ball python.
You pierce the ball python, but do no damage.
You constrict the ball python. The bat misses you. The hobgoblin hits you.
* * * LOW HITPOINT WARNING * * *
The ball python bites you.
* * * LOW HITPOINT WARNING * * *
The ball python barely misses you.
You hit the ball python. You squeeze the ball python.
You kill the ball python!
The bat hits you.
* * * LOW HITPOINT WARNING * * *
The rat bites you.
You die...

...............
...............
..............
.............
...........#
...........#
..?...r....#
......b@...#
.......g†..#####..
#####...#.........
###.##.#####....
#......# #.#
#...###.#.# #.# ##
#. . #.#.# #.# #.
.. #.#.# #.# #. ..
#.#.# #.# #.


You could see a hobgoblin, a bat and a rat.

Vanquished Creatures
  4 bats (D:1)
  2 endoplasms (D:1)
  3 giant cockroaches (D:1)
  4 goblins (D:1)
  2 kobolds (D:1)
  2 quokkas (D:1)
  3 ball pythons (D:1)
  2 frilled lizards (D:1)
  3 rats (D:1)
25 creatures vanquished.

Notes
Turn   | Place    | Note
-------+----------+-------------------------------------------
     0 | D:1      | croobank the Octopode Transmuter began the quest for the
                  | Orb.
     0 | D:1      | Reached XP level 1. HP: 13/13 MP: 3/3
   109 | D:1      | Found Lapheim's Antique Armour Emporium.
   130 | D:1      | Reached XP level 2. HP: 12/18 MP: 3/5
   513 | D:1      | Found a faded altar of an unknown god.
   605 | D:1      | Reached XP level 3. HP: 13/23 MP: 6/6
   827 | D:1      | HP: 1/23 [bat (1)]
   827 | D:1      | Slain by a rat

Illustrated notes

Levels and vault maps discovered:
D:1:      minmay_arrival_stone_box, layout_basic, serial_shops, shop_fountains,
          hellmonk_ecumenical_altar_defaced_shrine

Action                   || total
-------------------------++-------
Melee: Short sword       ||    47
       Kick              ||    11
       Punch             ||     1
       Constrict         ||     9
       Tentacles         ||     6
 Cast: Beastly Appendage ||    15
 Stab: Sleeping          ||    12
Armor: Skin              ||     8
Dodge: Dodged            ||    32

Table legend: (Time is in decaauts)
 A = Elapsed time spent in this place.
 B = Non-inter-level travel time spent in this place.
 C = Inter-level travel time spent in this place.
 D = Time resting spent in this place.
 E = Time spent auto-exploring this place.
 F = Levels seen in this place.
 G = Mean time per level.
                   A        B        C        D        E       F      G
               +--------+--------+--------+--------+--------+-----+--------+
         Total |    831 |    831 |      0 |    160 |    466 |   1 |  831.0 |
       Dungeon |    831 |    831 |      0 |    160 |    466 |   1 |  831.0 |
               +--------+--------+--------+--------+--------+-----+--------+

Top non-repeatable levels by time:
     D:1: 831 daAuts
